 Dungeon Crawl Stone Soup version 0.19.3-1-g3169bf9 (webtiles) character file.

128 Messajah the Chopper (level 4, -3/39 HPs)
             Began as a Minotaur Fighter on Jan 25, 2017.
             Slain by a gnoll
             ... wielding a +0 quarterstaff
              (5 damage)
             ... on level 3 of the Dungeon.
             The game lasted 00:03:56 (1928 turns).

Messajah the Chopper (Minotaur Fighter)             Turns: 1928, Time: 00:03:56

Health: -3/39      AC:  6    Str: 21    XL:     4   Next: 86%
Magic:  3/3        EV:  9    Int:  5    God:
Gold:   112        SH:  0    Dex: 10    Spells: 0 memorised, 3 levels left

rFire  . . .     SeeInvis .     a - +0 war axe
rCold  . . .     Gourm    .     b - +0 scale mail
rNeg   . . .     Faith    .     (no shield)
rPois  .         Spirit   .     (helmet restricted)
rElec  .         Reflect  .     (no cloak)
rCorr  .         Harm     .     (no gloves)
MR     .....                    (no boots)
Stlth  ..........               (no amulet)
                                (no ring)
                                (no ring)

@: no status effects
A: retaliatory headbutt, horns 2
a: no special abilities


You were on level 3 of the Dungeon.
You were not hungry.

You visited 1 branch of the dungeon, and saw 3 of its levels.

You collected 112 gold pieces.

Inventory:

Hand Weapons
 a - a +0 war axe (weapon)
Missiles
 i - 5 tomahawks (quivered)
Armour
 b - a +0 scale mail (worn)
Scrolls
 e - 3 scrolls of noise {unknown}
 g - a scroll of enchant armour {unknown}
 h - 2 scrolls of identify {unknown}
 m - a scroll of teleportation {unknown}
 n - a scroll of recharging {unknown}
 p - a scroll of remove curse {unknown}
Potions
 d - a potion of might
 j - a potion of invisibility {unknown}
 k - a potion of lignification {unknown}
 o - 2 potions of resistance {unknown}
 q - a potion of brilliance {unknown}
 r - a potion of mutation {unknown}
 s - 2 potions of curing {unknown}
 t - a potion of flight {unknown}
Comestibles
 c - 4 chunks of flesh
 f - 3 bread rations
 l - 2 meat rations
 u - a beef jerky


   Skills:
 - Level 3.6 Fighting
 + Level 6.2 Axes
 - Level 3.6 Armour
   Level 3.6 Shields


You had 3 spell levels left.
You didn't know any spells.

Dungeon Overview and Level Annotations

Branches:
Dungeon (3/15)

Altars:
Hepliaklqana


Innate Abilities, Weirdness & Mutations

You reflexively headbutt those who attack you in melee.
You have a pair of horns on your head.


Message History

The gnoll is moderately wounded.
The gnoll hits you with a quarterstaff!
You hit the gnoll.
The gnoll is severely wounded.
The gnoll hits you with a quarterstaff!
* * * LOW HITPOINT WARNING * * *
You are too injured to fight recklessly!
You closely miss the gnoll. You headbutt the gnoll.
The gnoll is severely wounded.
The gnoll hits you with a quarterstaff.
* * * LOW HITPOINT WARNING * * *
You barely miss the gnoll. Your headbutt misses the gnoll.
The gnoll is severely wounded.
The gnoll hits you with a quarterstaff.
* * * LOW HITPOINT WARNING * * *
The gnoll barely misses you.
You barely miss the gnoll. Your headbutt misses the gnoll.
The gnoll is severely wounded.
The gnoll hits you with a quarterstaff.
You die...

#####.#...# ..r...?..###
......... # ##....# .#
##.....###..#
#............
##...........
###########.#%g###..
#...........#(@# .
#.#########.#..# #.#
#.#.)#
###.#########.#..#
.................)......
###..####.###.#..#.##...
###..####.###.#..#.#
.................. .
###............... ##


You could see a gnoll and a rat (wandering).

Vanquished Creatures
  Natasha (D:3)
  A gnoll (D:3)
  5 adders
  A worm (D:2)
  2 dart slugs (D:1)
  2 leopard geckos
  An orc (D:3)
  A ball python (D:3)
  3 giant cockroaches
  5 goblins
  5 hobgoblins
  6 bats
  A frilled lizard (D:1)
  4 kobolds
  3 rats
41 creatures vanquished.

Notes
Turn   | Place    | Note
-------+----------+-------------------------------------------
     0 | D:1      | Messajah the Minotaur Fighter began the quest for the Orb.
     0 | D:1      | Reached XP level 1. HP: 19/19 MP: 0/0
    71 | D:1      | Reached skill level 3 in Axes
    86 | D:1      | Reached XP level 2. HP: 25/26 MP: 1/1
   649 | D:1      | Reached skill level 4 in Axes
   880 | D:2      | Reached XP level 3. HP: 27/31 MP: 2/2
  1000 | D:2      | Reached skill level 5 in Axes
  1082 | D:2      | Found a hazy altar of Hepliaklqana.
  1390 | D:2      | Reached XP level 4. HP: 38/39 MP: 3/3
  1606 | D:3      | Noticed Natasha
  1612 | D:3      | Killed Natasha
  1883 | D:3      | Reached skill level 6 in Axes
  1928 | D:3      | Slain by a gnoll

Skill      XL: |  1  2  3  4 |
---------------+-------------+-----
Axes           | 3 4 5 6 |  6.2
Fighting       | |  3.6
Armour         | |  3.6
Shields        | |  3.6

Action                   |  1- 3 |  4- 6 || total
-------------------------+-------+-------++-------
Melee: War axe           |    78 |    28 ||   106
       Headbutt          |     8 |     8 ||    16
Throw: Tomahawk          |     4 |       ||     4
  Eat: Chunk             |     2 |       ||     2
       Pizza             |       |     1 ||     1
Armor: Scale mail        |    47 |     8 ||    55
Dodge: Dodged            |    46 |    10 ||    56
